[Event "Late-Titled-Tuesday-Blitz-August-29-2023"]
[Site "Chess.com"]
[Date "2023.08.29"]
[Round "9"]
[White "CraiggoryC"]
[Black "Walter_White_Poland"]
[Result "0-1"]
[WhiteElo "2229"]
[BlackElo "2359"]
[TimeControl "180+1"]
[EndTime "15:43:14 PDT"]
[Termination "Walter_White_Poland won by checkmate"]

1. e4 e5 2. Nc3 Nf6 3. g3 Bb4 4. Nd5 Bc5 5. Bg2 O-O 6. Ne2 Nxd5 7. exd5 d6 8. O-O Bg4 9. h3 Bh5 10. g4 Bg6 11. d4 Bb6 12. c3 Nd7 13. f4 f5 14.
fxe5 dxe5 15. Ng3 Qh4 16. Nxf5 Bxf5 17. gxf5 exd4 18. c4 Rae8 19. Bf4 Rxf5 20. Qg4 Qxg4 21. hxg4 Rf7 22. Bg3 Rxf1+ 23. Rxf1 Ne5 24. Re1 d3+ 25.
Kh2 Nxg4+ 26. Kh3 Rxe1 27. Bxe1 Nf2+ 28. Bxf2 Bxf2 29. Bf3 Bd4 30. b3 a5 31. Kg4 b6 32.
Kf5 Kf7 33. Ke4 Bf2 34. Kxd3 Kf6 35. a3 Bc5 36. a4 Ke5 37. Be4 h5 38. Bg6 h4 39.
Ke2 Kd4 40. Kd2 h3 41. Ke2 h2 42. Kf3 h1=Q+ 43. Kg4 Qa1 44. Kf5 Kc3 45. Ke6 Qb2 46.
Kd7 Qxb3 47. Kc6 Qxa4+ 48. Kb7 Qxc4 49. Be8 Qxd5+ 50. Bc6 Qd6 51. Be4 b5 52. Kc8 b4 53.
Bb1 Bb6 54. Ba2 c5 55. Be6 Qc7# 0-1

[Event "Late-Titled-Tuesday-Blitz-August-29-2023"]
[Site "Chess.com"]
[Date "2023.08.29"]
[Round "9"]
[White "alexrustemov"]
[Black "Rud_Makarian"]
[Result "0-1"]
[WhiteElo "2877"]
[BlackElo "3010"]
[TimeControl "180+1"]
[EndTime "15:43:15 PDT"]
[Termination "Rud_Makarian won on time"]

1. d4 Nf6 2. Nf3 c5 3. d5 b5 4.
Bg5 g6 5. Bxf6 exf6 6. e4 b4 7. Nbd2 Bg7 8. Bd3 O-O 9. O-O d6 10.
a3 f5 11. axb4 fxe4 12. Nxe4 cxb4 13. Ra2 Qb6 14. Bc4 a5 15. h3 Bf5 16. Ng3 Bd7 17.
Ne2 Na6 18. b3 Nc5 19. Ned4 Ne4 20. Qd3 Nc3 21. Raa1 Rac8 22. Rfe1 Rfe8 23. Nc6 Ne2+ 24. Rxe2 Rxe2 25. Qxe2 Bxa1 26. Ne7+ Kg7 27. Nxc8 Bxc8 28. Qe8 Qc7 29. Ng5 Bf5 30. h4 Bxc2 31. g3 Bf6 32.
Ne4 Qe7 33. Nxf6 Qxf6 34. Qe2 Qc3 35. Qe7 Bxb3 36. Bxb3 Qxb3 37. Qxd6 Qc3 38. Qc6 Qxc6 39. dxc6 b3 40. c7 b2 41. c8=Q b1=Q+ 42. Kg2 Qb2 43. Qa6 Qe5 44. Qc4 h5 45. Kg1 Qb2 46. Qa6 Qb4 47. Kg2 a4 0-1

[Event "Late-Titled-Tuesday-Blitz-August-29-2023"]
[Site "Chess.com"]
[Date "2023.08.29"]
[Round "9"]
[White "Athanasios2"]
[Black "Goffredo_Fofi"]
[Result "0-1"]
[WhiteElo "2715"]
[BlackElo "2564"]
[TimeControl "180+1"]
[EndTime "15:43:16 PDT"]
[Termination "Goffredo_Fofi won on time"]

1. Nf3 g6 2. c4 Bg7 3. g3 d6 4. Bg2 Nf6 5. Nc3 O-O 6. b3 e6 7. Bb2 e5 8. O-O Nc6 9. d3 a5 10. Nd2 Be6 11. e3 d5 12. cxd5 Nxd5 13. Nxd5 Bxd5 14.
Nc4 Bxg2 15. Kxg2 b5 16. Na3 Nb4 17. d4 Qd5+ 18. Kg1 e4 19. Bc3 Nd3 20. Bd2 h5 21.
h4 a4 22. Rb1 c6 23. Qc2 Ra6 24.
b4 Raa8 25. Rfd1 g5 26. hxg5 Rac8 27. Bc3 Qxg5 28. Rxd3 exd3 29. Qxd3 h4 30. Kg2 hxg3 31.
fxg3 Rfe8 32. Nc2 Re6 33. e4 Rd8 34. Bd2 Qg6 35. Re1 Rde8 36. d5 cxd5 37. Qxb5 Rxe4 38. Ne3 d4 39. Nc2 Rxe1 40. Nxe1 Qe4+ 41. Kh3 Bf6 42. Kh2 Kg7 43. Kg1 Rh8 44. Ng2 Qe2 45. Be1 Qxb5 0-1

[Event "Late-Titled-Tuesday-Blitz-August-29-2023"]
[Site "Chess.com"]
[Date "2023.08.29"]
[Round "9"]
[White "LeninGuerra"]
[Black "Meri-Arabidze"]
[Result "1-0"]
[WhiteElo "2563"]
[BlackElo "2605"]
[TimeControl "180+1"]
[EndTime "15:43:16 PDT"]
[Termination "LeninGuerra won by checkmate"]

1. e4 c5 2. Nf3 e6 3. b4 d6 4.
bxc5 dxc5 5. Bb2 Nc6 6. a4 Nf6 7. d3 c4 8. Be2 Bb4+ 9. Kf1 O-O 10. Na3 c3 11. Bc1 Ng4 12. h3 Nge5 13. Nxe5 Nxe5 14.
d4 Ng6 15. Rb1 a5 16. h4 f5 17. h5 Ne7 18. e5 h6 19. Nb5 Nd5 20. Rh3 Bd7 21.
Rg3 f4 22. Rg6 Qh4 23. Kg1 Bxb5 24. axb5 Qe7 25. Bg4 Nc7 26. b6 Nb5 27. Bxe6+ Kh8 28. Bc4 Na3 29. Bxa3 Bxa3 30. Qg4 Rad8 31. Re6 Qg5 32.
Qxg5 hxg5 33. d5 Bc5 34. Rb5 Bb4 35. Kh2 g4 36. f3 g3+ 37. Kh3 Rf5 38. Kg4 Rdf8 39.
Bd3 R5f7 40. d6 Rd8 41. Rg6 Ra8 42. e6 Rf6 43. Rxf6 gxf6 44. Rd5 a4 45. Bc4 a3 46. Kf5 Kg7 47. Ba2 Ra5 48. Rxa5 Bxa5 49. e7 Bxb6 50. e8=Q Bd4 51. Qg8+ Kh6 52. Qg6# 1-0

[Event "Late-Titled-Tuesday-Blitz-August-29-2023"]
[Site "Chess.com"]
[Date "2023.08.29"]
[Round "9"]
[White "gunslinger222"]
[Black "TC2304"]
[Result "0-1"]
[WhiteElo "2455"]
[BlackElo "2417"]
[TimeControl "180+1"]
[EndTime "15:43:18 PDT"]
[Termination "TC2304 won by resignation"]

1. d4 d5 2. c4 c6 3. Nf3 Nf6 4. Nc3 a6 5. cxd5 cxd5 6. Bf4 Nc6 7. e3 Bf5 8. Bd3 Bxd3 9. Qxd3 e6 10. O-O Bd6 11. Ne5 O-O 12. Nxc6 bxc6 13. Bxd6 Qxd6 14.
Na4 Nd7 15. Rac1 Rfc8 16. Nc5 Nb6 17. b3 a5 18. f4 a4 19. Rc2 axb3 20. axb3 g6 21.
Rfc1 Ra3 22. Qd2 Rca8 23. Qb4 Nd7 24. Qb7 Nxc5 25. dxc5 Qb8 26. Qxc6 Rxb3 27. Qd6 Rxe3 28. Qxb8+ Rxb8 29. c6 Reb3 30. c7 Rc8 31. Rc6 Kf8 32.
Rd6 Ke7 33. Rcc6 Rb7 34. g3 h5 35. Kf2 Rbxc7 36. Rxc7+ Rxc7 37. Ra6 h4 38. gxh4 Kf6 39. Ra3 Kf5 40. Kg3 d4 41. Ra5+ Ke4 42. Re5+ Kd3 43.
h5 gxh5 44. Rxh5 Kc2 45. f5 d3 46. fxe6 fxe6 47. Re5 d2 48. Re2 Kd3 49. Rxd2+ Kxd2 50. Kg4 Ke3 51. Kg5 e5 52. h4 e4 53. h5 Kf3 54.
Kg6 e3 55. h6 e2 56. h7 Rxh7 57. Kxh7 e1=Q 0-1

[Event "Late-Titled-Tuesday-Blitz-August-29-2023"]
[Site "Chess.com"]
[Date "2023.08.29"]
[Round "9"]
[White "McCarthyStone"]
[Black "BozeKat"]
[Result "0-1"]
[WhiteElo "2428"]
[BlackElo "2119"]
[TimeControl "180+1"]
[EndTime "15:43:18 PDT"]
[Termination "BozeKat won by checkmate"]

1. d4 Nf6 2. Nc3 e6 3. e4 d5 4. e5 Nfd7 5. f4 g6 6. Nf3 c5 7.
Be3 Nc6 8. h4 h5 9. Be2 cxd4 10.
Nxd4 Nxd4 11. Bxd4 Bc5 12. Nb5 Be7 13. c4 dxc4 14.
Bxc4 Bxh4+ 15. Kf1 Be7 16. g4 h4 17. f5 Nb6 18.
Bb3 Bd7 19. Nd6+ Bxd6 20. exd6 Bb5+ 21. Kg1 Rh7 22. fxe6 fxe6 23. Bxe6 Qxd6 24. Rh3 Rd8 25. Re3 Qxd4 26. Qxd4 Rxd4 27. Rae1 Re7 28. Bf7+ Kxf7 29. Rxe7+ Kf6 30. Rxb7 Rxg4+ 31. Kf2 Bc6 32. Rxa7 Rf4+ 33. Kg1 Rf3 34. Rf1 Rxf1+ 35. Kxf1 Kg5 36. Ra6 Bb5+ 37. Kf2 Bxa6 38. b4 h3 39. Kg3 Bb7 40. Kxh3 Kf4 41. Kh2 g5 42. a4 g4 43. a5 Nc8 44. b5 Na7 45. a6 Bxa6 46. bxa6 Kf3 47. Kg1 g3 48.
Kf1 Kg4 49. Kg1 Kf3 50. Kf1 g2+ 51. Kg1 Nc8 52. a7 Nxa7 53. Kh2 Nb5 54. Kh3 Nd6 55. Kh4 Ne4 56. Kh3 Nf2+ 57. Kh2 Ng4+ 58. Kg1 Ne3 59. Kh2 Kf2 60. Kh3 g1=Q 61. Kh4 Qg4# 0-1

[Event "Late-Titled-Tuesday-Blitz-August-29-2023"]
[Site "Chess.com"]
[Date "2023.08.29"]
[Round "9"]
[White "NelsonLinda"]
[Black "jaskol95"]
[Result "0-1"]
[WhiteElo "2456"]
[BlackElo "2576"]
[TimeControl "180+1"]
[EndTime "15:43:19 PDT"]
[Termination "jaskol95 won by checkmate"]

1. Nf3 d6 2. d4 g6 3. e4 Bg7 4. Bc4 a6 5. a4 Nf6 6. Qe2 O-O 7.
O-O b6 8. Re1 Bb7 9. e5 Nd5 10.
e6 f6 11. c3 c6 12. Bxd5 cxd5 13. h4 Qc8 14. Nbd2 Nc6 15. Nh2 a5 16. h5 g5 17. h6 Bh8 18. f4 Nd8 19. fxg5 Bc6 20.
Qg4 f5 21. Qe2 Be8 22. Ndf3 Bh5 23. Bf4 Qc4 24. Qf2 Qc8 25. Qe3 Bg6 26. Rf1 Qxe6 27. Qd2 Qf7 28. Rfe1 Ne6 29. Bg3 f4 30. Bf2 Rac8 31.
Qe2 Bf5 32. Nf1 Qg6 33. Bh4 Be4 34. N1d2 Bf5 35. Qb5 Be4 36. Qe2 Bf5 37. Qb5 Nc7 38. Qxb6 Be4 39. Nxe4 dxe4 40. Nd2 d5 41. Qxa5 f3 42.
gxf3 exf3 43. Rf1 Rf4 44. Bg3 Qxg5 45. Kf2 Rg4 46. Nxf3 Qf5 47. Rg1 Rf8 48. Bf4 Qxf4 49. Rxg4+ Qxg4 50. Rg1 Rxf3+ 51. Ke2 Qxg1 52. Kxf3 Qf1+ 53.
Kg4 Qg2+ 54. Kh4 Bf6+ 55. Kh5 Qg5# 0-1

[Event "Late-Titled-Tuesday-Blitz-August-29-2023"]
[Site "Chess.com"]
[Date "2023.08.29"]
[Round "9"]
[White "GMKrikor"]
[Black "vi_pranav"]
[Result "0-1"]
[WhiteElo "2873"]
[BlackElo "2954"]
[TimeControl "180+1"]
[EndTime "15:43:20 PDT"]
[Termination "vi_pranav won by resignation"]

1. Nf3 Nf6 2. c4 c5 3. Nc3 Nc6 4. g3 g6 5. Bg2 Bg7 6. O-O O-O 7. d4 d6 8. d5 Na5 9. Nd2 a6 10. Qc2 b5 11. cxb5 axb5 12. Nxb5 Ba6 13. Nc3 Nd7 14. Rb1 Qb6 15. Re1 Rfb8 16. b3 Qb4 17. Na4 h5 18. Bb2 Bxb2 19. Nxb2 Qa3 20. Nbc4 Nxc4 21. bxc4 Ne5 22.
Rb3 Qa5 23. Reb1 Rd8 24. h3 Bc8 25. f4 Nd7 26. a3 Nf8 27. e4 Bd7 28. Qc3 Qc7 29. e5 Bf5 30. Re1 Rdb8 31. Rxb8 Rxb8 32. exd6 exd6 33. Kh2 Qb6 34. Re2 Qb2 35. Qf3 Qd4 36. g4 hxg4 37. hxg4 Bd3 38. Re3 Bc2 39. Ne4 Bxe4 40.
Qxe4 Qf6 41. g5 Qb2 42. Qe7 Qf2 43. Rf3 Qh4+ 44. Kg1 Rb1+ 45. Rf1 Rxf1+ 46. Bxf1 Qxf4 47. a4 Nh7 48. a5 Nxg5 49. Bg2 Qd4+ 50. Kh1 Qh4+ 51.
Kg1 Nh3+ 0-1

[Event "Late-Titled-Tuesday-Blitz-August-29-2023"]
[Site "Chess.com"]
[Date "2023.08.29"]
[Round "9"]
[White "sorch29"]
[Black "laskakid"]
[Result "1-0"]
[WhiteElo "2403"]
[BlackElo "2192"]
[TimeControl "180+1"]
[EndTime "15:43:21 PDT"]
[Termination "sorch29 won by resignation"]

1. d4 d5 2. c4 c6 3. cxd5 cxd5 4. Nc3 Nf6 5. Bf4 Nc6 6. e3 a6 7. Bd3 Bg4 8. Nge2 e6 9. O-O Be7 10. h3 Bh5 11. Rc1 O-O 12. a3 Rc8 13. b4 Bg6 14. Na4 a5 15. b5 Na7 16. Qb3 b6 17. Bxg6 hxg6 18. Nb2 Qd7 19. a4 Rxc1 20. Rxc1 Rc8 21. Rc3 Bb4 22. Rc2 Bd6 23. Be5 Ne4 24. Nd3 f6 25.
Bxd6 Nxd6 26. Nb2 Rc7 27. f3 Qc8 28. Rxc7 Qxc7 29. Qc3 Qxc3 30. Nxc3 Kf7 31. Kf2 Nac8 32. e4 Ne7 33. Ke3 g5 34. g3 Kg6 35. Nd3 Nc4+ 36.
Ke2 Kf7 37. Nf2 Ke8 38. Kd3 Nb2+ 39. Kc2 Nc4 40. Kd3 Nb2+ 41. Ke2 Kd7 42. Nfd1 Nc4 43.
Ne3 Nb2 44. exd5 exd5 45. Ncxd5 Nxd5 46. Nxd5 Nxa4 47. Kd3 Kd6 48. Ne3 Nb2+ 49. Kc2 Na4 50. Kb3 Nc5+ 51. dxc5+ Kxc5 52. Ka4 Kd4 53. Nf5+ Kd3 54.
Nxg7 Ke2 55. h4 Kxf3 56. h5 Kxg3 57. h6 f5 58. Nxf5+ Kf4 59. Nd4 g4 60. h7 g3 61.
Ne2+ Kf3 62. Nxg3 1-0

[Event "Late-Titled-Tuesday-Blitz-August-29-2023"]
[Site "Chess.com"]
[Date "2023.08.29"]
[Round "9"]
[White "FairChess_on_YouTube"]
[Black "Firouzja2003"]
[Result "1/2-1/2"]
[WhiteElo "3068"]
[BlackElo "3115"]
[TimeControl "180+1"]
[EndTime "15:43:23 PDT"]
[Termination "Game drawn by repetition"]

1. d4 Nf6 2. c4 g6 3. Nc3 Bg7 4. e4 d6 5. h3 e5 6. d5 a5 7.
Be3 Na6 8. Nf3 O-O 9. Nd2 Nd7 10. g4 Nb6 11. Bd3 Nc5 12. Bc2 c6 13. h4 cxd5 14.
cxd5 Bd7 15. h5 Qc8 16. Rg1 Bf6 17. Qf3 Be7 18. Qh3 Nca4 19. Nxa4 Nxa4 20. O-O-O g5 21.
Kb1 b5 22. Rc1 Qb7 23. Qf3 Rfc8 24. Nf1 h6 25. Ng3 Rc7 26. Nf5 Bxf5 27. gxf5 f6 28. Qe2 Rac8 29. Bd3 Nc5 30. f3 Nxd3 31. Qxd3 Rc4 32. b3 Bd8 33. Ka1 Rxc1+ 34. Rxc1 Rxc1+ 35. Bxc1 Bb6 36. Kb1 Bc5 37. Bd2 b4 38. Be3 Bxe3 39.
Qxe3 Qf7 40. Qc1 Qxh5 41. Qc8+ Kg7 42. Qd7+ Qf7 43. Qxd6 h5 44. Qc6 h4 45. d6 h3 46.
Qc2 Kf8 47. Qc8+ Kg7 48. Qc2 Kf8 49. Qc8+ Kg7 50. Qc2 1/2-1/2

[Event "Late-Titled-Tuesday-Blitz-August-29-2023"]
[Site "Chess.com"]
[Date "2023.08.29"]
[Round "9"]
[White "BogdanDeac"]
[Black "dretch"]
[Result "1-0"]
[WhiteElo "3019"]
[BlackElo "2893"]
[TimeControl "180+1"]
[EndTime "15:43:23 PDT"]
[Termination "BogdanDeac won by resignation"]

1. d4 d5 2. Nf3 Nf6 3. e3 c5 4.
Be2 Nc6 5. c3 e6 6. O-O Bd6 7.
dxc5 Bxc5 8. b4 Bd6 9. Bb2 e5 10. b5 Na5 11. Nbd2 e4 12. Nd4 Qc7 13. h3 O-O 14. Qa4 Bd7 15. Rfc1 Rfc8 16. c4 Nxc4 17. Nxc4 dxc4 18. Bxc4 Qd8 19. Qb3 Qe7 20. Ne2 Rc5 21. Rd1 Rg5 22. Nf4 Be8 23. Be2 Rc8 24. Rac1 Rxc1 25.
Rxc1 Rc5 26. Rd1 Rc8 27. a4 b6 28. Bd4 Be5 29. Nd5 Qe6 30. Bc4 Bxd4 31. Rxd4 h6 32. Nxf6+ Qxf6 33. Rxe4 Qa1+ 34. Kh2 Qf6 35. Rf4 Qe7 36. Qd3 Rd8 37. Rd4 Qc7+ 38. Kg1 Rc8 39. Qe4 Kf8 40. Qd3 Qe7 41. Qd2 Qc5 42. Bf1 Rc7 43.
g3 Qe7 44. h4 Bd7 45. Bg2 Be8 46. Bf3 Rc8 47. Kg2 Qc5 48. Qb2 Ke7 49. Rg4 g6 50. Qg7 h5 51. Re4+ Kd6 52. Qf6+ Kc7 53. Re7+ Kb8 54.
Rb7+ Ka8 55. Rc7+ Kb8 56. Rxc5 1-0

[Event "Late-Titled-Tuesday-Blitz-August-29-2023"]
[Site "Chess.com"]
[Date "2023.08.29"]
[Round "9"]
[White "Semetey"]
[Black "superfast64"]
[Result "1-0"]
[WhiteElo "2590"]
[BlackElo "2459"]
[TimeControl "180+1"]
[EndTime "15:43:23 PDT"]
[Termination "Semetey won by resignation"]

1. e4 c6 2. Nc3 d5 3. Nf3 Nf6 4. e5 Ng8 5. d4 Bg4 6. h3 Bxf3 7. Qxf3 e6 8. Bd3 c5 9. dxc5 Bxc5 10. O-O Nc6 11. Re1 Nge7 12. Bf4 Ng6 13. Bg3 O-O 14.
a3 Bd4 15. Bxg6 hxg6 16. Nb5 Bc5 17. b4 Be7 18. Rad1 a6 19. Nd6 Nxe5 20. Bxe5 Bxd6 21. c4 Bxe5 22. Rxe5 Qf6 23. Qe3 dxc4 24. Rc5 Rac8 25. a4 Qb2 26. Rc1 Qxb4 27. R1xc4 Qxc4 28. Rxc4 Rxc4 29. Qb6 Rxa4 30. Qxb7 Ra1+ 31. Kh2 Ra5 32. g4 Re8 33. Qd7 Rf8 34. Kg2 Rd5 35. Qc6 a5 36.
Kg3 g5 37. h4 Rd3+ 38. f3 gxh4+ 39. Kxh4 Rfd8 40. Kg3 g6 41. Qa6 R3d5 42. f4 R8d7 43. Qc8+ Kg7 44. Qc3+ Kg8 45. Qc8+ Kh7 46. Qa8 Re7 47.
Qf8 Red7 48. Qa8 Rb5 49. Qc6 Rdb7 50. Qd6 Kg8 51. Qd8+ Kg7 52. Qd4+ f6 53. g5 e5 54. gxf6+ Kxf6 55. Qd6+ Kf7 56. fxe5 Re7 57. Qf6+ Ke8 58. Qc6+ Kf8 59. Qxb5 Kf7 60. Kf4 1-0

[Event "Late-Titled-Tuesday-Blitz-August-29-2023"]
[Site "Chess.com"]
[Date "2023.08.29"]
[Round "9"]
[White "Elsa167"]
[Black "dropstoneDP"]
[Result "1/2-1/2"]
[WhiteElo "2893"]
[BlackElo "2975"]
[TimeControl "180+1"]
[EndTime "15:43:25 PDT"]
[Termination "Game drawn - insufficient material"]

1. d4 d5 2. c4 e6 3. Nf3 Nf6 4. Nc3 c5 5. cxd5 Nxd5 6. e4 Nxc3 7. bxc3 cxd4 8. cxd4 Bb4+ 9. Bd2 Bxd2+ 10. Qxd2 O-O 11. Rc1 b6 12. Bd3 Bb7 13. O-O Nd7 14.
Qe3 h6 15. e5 Rc8 16. Nd2 Qg5 17. Ne4 Qxe3 18. fxe3 Bxe4 19. Bxe4 Rfd8 20. Bb7 Rxc1 21. Rxc1 b5 22. Rc7 Nb6 23. Kf2 b4 24. Be4 Rd7 25.
Rc5 Kf8 26. Rb5 Rc7 27. Rxb4 Rc3 28. Rb3 Rc4 29. Ra3 Rc7 30. Ra6 Ke7 31. Ke2 f6 32.
exf6+ gxf6 33. Ra5 f5 34. Bd3 Nd5 35. Kd2 f4 36. e4 Nb6 37. Rh5 Rd7 38. Rxh6 Rxd4 39. Rh7+ Kf6 40. Rxa7 Rd8 41. Rb7 Nd7 42. Rb3 Nc5 43.
Ra3 Nxe4+ 44. Ke2 Nc5 45. Bc2 e5 46. g3 Ne6 47. gxf4 Nd4+ 48. Kd1 exf4 49. Ra6+ Kg5 50. Bd3 f3 51. Ke1 Rh8 52. Kf2 Rxh2+ 53. Ke3 Rh4 54. Rg6+ Kh5 55. Rg8 Nc6 56. Rh8+ Kg5 57. Rxh4 Kxh4 58.
Kxf3 Nb4 59. Bc4 Nxa2 1/2-1/2

[Event "Late-Titled-Tuesday-Blitz-August-29-2023"]
[Site "Chess.com"]
[Date "2023.08.29"]
[Round "9"]
[White "Chessdreamer2020"]
[Black "jinbojinbo"]
[Result "0-1"]
[WhiteElo "2526"]
[BlackElo "2676"]
[TimeControl "180+1"]
[EndTime "15:43:27 PDT"]
[Termination "jinbojinbo won on time"]

1. e4 e5 2. Nf3 Nc6 3. Bb5 a6 4.
Bxc6 dxc6 5. Nc3 Bd6 6. d4 exd4 7. Qxd4 f6 8. Be3 Ne7 9. O-O-O Ng6 10. Rhe1 Qe7 11. Nd2 Be6 12. Nc4 Be5 13. Nxe5 fxe5 14. Qc5 b6 15. Qxc6+ Kf7 16. Nd5 Bxd5 17. Qxd5+ Qe6 18.
Qd7+ Ne7 19. Bg5 Rhe8 20. Re3 Qxa2 21. Bxe7 Kg8 22. Ra3 Qc4 23. f3 Qe2 24. Rc3 c5 25.
Rcd3 a5 26. Qe6+ Kh8 27. Rd7 Qxg2 28. Qf7 a4 29. Bf6 Rg8 30. Bxe5 a3 31. bxa3 Qg5+ 32. f4 Qg2 33. Qd5 Rxa3 34. Bb2 Raa8 35. Qh5 Raf8 36. e5 Rxf4 37. e6 Rf2 38. R7d2 Rxd2 39. Rxd2 Qf1+ 40.
Qd1 Qf4 41. Qe2 Re8 42. Qe5 Qxe5 43. Bxe5 h6 44. Rd6 b5 45. Bf4 c4 46. Be3 Kh7 47. Kd2 Kg6 0-1

[Event "Late-Titled-Tuesday-Blitz-August-29-2023"]
[Site "Chess.com"]
[Date "2023.08.29"]
[Round "9"]
[White "tteshan"]
[Black "viktorgen2021"]
[Result "1-0"]
[WhiteElo "2565"]
[BlackElo "2429"]
[TimeControl "180+1"]
[EndTime "15:43:27 PDT"]
[Termination "tteshan won on time"]

1. e4 c6 2. d4 d5 3. Nc3 dxe4 4. Nxe4 Nf6 5. Nxf6+ exf6 6. c3 Bd6 7. Bd3 O-O 8. Ne2 Re8 9. O-O Nd7 10. Ng3 Nf8 11.
f4 g6 12. f5 Qc7 13. fxg6 hxg6 14. Ne4 Bxh2+ 15. Kh1 Nh7 16. Nxf6+ Nxf6 17. Rxf6 Qg3 18. Bf4 Qh4 19. Rxg6+ fxg6 20. Bxh2 Bf5 21. Bc4+ Kg7 22. Kg1 Rad8 23. Qf1 Kh7 24. Be5 c5 25. Bb5 Re7 26. Qf3 cxd4 27. cxd4 Rxd4 28. Bxd4 Qxd4+ 29. Qf2 Qb4 30. Bf1 Re4 31. Rd1 Rf4 32. Qe3 Re4 33. Qg3 Qc5+ 34.
Qf2 Qe7 35. Rd2 Re1 36. Rd4 Re4 37. Rxe4 Qxe4 38. Qxa7 Qd5 39. Qf2 Qxa2 40. Qh4+ Kg7 41. Qd4+ Kh6 42. Qe3+ Kg7 43. Qe7+ Kh6 44. Qxb7 Qb1 45.
Qb5 Qc1 46. Qe2 g5 47. b4 g4 48. Qf2 Qb1 49. Qf4+ Kg6 50. b5 Qc2 51. Qf2 1-0

[Event "Late-Titled-Tuesday-Blitz-August-29-2023"]
[Site "Chess.com"]
[Date "2023.08.29"]
[Round "9"]
[White "Alexei_Gubajdullin"]
[Black "Roedor"]
[Result "1-0"]
[WhiteElo "2606"]
[BlackElo "2430"]
[TimeControl "180+1"]
[EndTime "15:43:29 PDT"]
[Termination "Alexei_Gubajdullin won by checkmate"]

1. d4 Nf6 2. Nf3 g6 3. Bf4 Bg7 4. e3 O-O 5. Be2 d6 6. O-O b6 7.
h3 Bb7 8. a4 a6 9. a5 b5 10. c4 c6 11. Nc3 Nbd7 12. cxb5 cxb5 13. b4 Rc8 14. Rc1 Ne4 15. Nxe4 Bxe4 16. Qb3 Nf6 17. Nd2 Bd5 18. Qb1 Rxc1 19. Rxc1 Qa8 20. Bf3 Rc8 21.
Rxc8+ Qxc8 22. e4 Bb7 23. d5 Nd7 24. Bd1 Qc3 25. Nf3 Ne5 26. Nxe5 Bxe5 27. Bxe5 dxe5 28. Bg4 Bc8 29. Bxc8 Qxc8 30. Qb2 f6 31. f3 Qc4 32. Kf2 Kf7 33. Qd2 g5 34. d6 exd6 35. Qxd6 Qc2+ 36. Kg3 Qc1 37. Qd7+ Kg6 38. Qf5+ Kg7 39. Kg4 Qf4+ 40.
Qxf4 gxf4 41. h4 Kg6 42. h5+ Kg7 43. g3 Kh6 44. gxf4 exf4 45. Kf5 Kxh5 46. Kxf6 Kh4 47. e5 Kg3 48. e6 Kxf3 49. e7 Kg3 50. e8=Q f3 51.
Qe5+ Kg2 52. Qe4 h5 53. Kg5 Kg3 54. Qf4+ Kg2 55. Qe4 Kg3 56. Qe3 Kg2 57. Kf4 f2 58. Qf3+ Kg1 59. Qg3+ Kf1 60. Ke3 h4 61. Qxf2# 1-0

[Event "Late-Titled-Tuesday-Blitz-August-29-2023"]
[Site "Chess.com"]
[Date "2023.08.29"]
[Round "9"]
[White "NMJeevanK"]
[Black "Chessdemon2019"]
[Result "1/2-1/2"]
[WhiteElo "2516"]
[BlackElo "2403"]
[TimeControl "180+1"]
[EndTime "15:43:30 PDT"]
[Termination "Game drawn by repetition"]

1. e4 c5 2. Nc3 d6 3. g3 g6 4. Bg2 Bg7 5. d3 Nc6 6. Nge2 e6 7. O-O Nge7 8. f4 O-O 9. Be3 b6 10. f5 exf5 11. exf5 Bxf5 12. Bxc6 Nxc6 13. Rxf5 gxf5 14. Nd5 Re8 15. Qf1 Qd7 16. Re1 Re5 17. Qf3 Rae8 18. Bf4 R5e6 19. c3 Ne7 20. c4 Nxd5 21. cxd5 R6e7 22.
Bg5 f6 23. Bf4 Qb5 24. b3 Qa5 25. Kf2 Qxa2 26. Bxd6 Rd7 27. Qh5 Red8 28. Bf4 Rxd5 29. Kf1 Qxb3 30. Nc1 Qb5 31. Re7 Rf8 32. Qe2 Rdd8 33.
Qe6+ Kh8 34. Qxf5 Rde8 35. Rxa7 Qb4 36. Qg4 Qe1+ 37. Kg2 Re7 38. Ra2 f5 39. Qh5 Qe6 40. Rf2 Qd5+ 41. Kh3 Re6 42. Bg5 Rg6 43. Bf4 Be5 44.
Be3 Bd4 45. Re2 Bxe3 46. Rxe3 Qd6 47. Kg2 Qc6+ 48. Kf2 f4 49. gxf4 Rxf4+ 50. Ke1 Rg1+ 51. Kd2 Rg2+ 52. Ne2 Rxe2+ 53. Qxe2 Rf8 54. Re7 Qf6 55. Qe3 Qb2+ 56. Ke1 Qb1+ 57. Ke2 Qc2+ 58. Ke1 Qb1+ 59.
Ke2 Qb2+ 60. Ke1 Qb1+ 1/2-1/2

[Event "Late-Titled-Tuesday-Blitz-August-29-2023"]
[Site "Chess.com"]
[Date "2023.08.29"]
[Round "9"]
[White "cassoulet"]
[Black "CrushingKings"]
[Result "1-0"]
[WhiteElo "2740"]
[BlackElo "2571"]
[TimeControl "180+1"]
[EndTime "15:43:32 PDT"]
[Termination "cassoulet won by resignation"]

1. e4 g6 2. d4 Bg7 3. Nc3 c6 4. h4 d5 5. Nf3 dxe4 6. Nxe4 Bg4 7. c3 Nf6 8. Ng3 Nbd7 9. Be2 Qc7 10. Bg5 O-O 11. Qd2 e5 12. O-O-O exd4 13. Nxd4 Bxe2 14.
Ndxe2 Nc5 15. f3 Rad8 16. Qf4 Qxf4+ 17. Nxf4 h6 18. Bxf6 Bxf6 19. Kc2 h5 20. Nd3 Ne6 21. Ne4 Be7 22. g4 f5 23. gxf5 Rxf5 24. Rhg1 Kf7 25. f4 Nxf4 26. Nxf4 Rxf4 27. Rxd8 Bxd8 28. Nd6+ Kg7 29. Nxb7 Bxh4 30. Na5 Bf2 31. Rg2 h4 32. Nxc6 h3 33. Rh2 Rh4 34. Ne5 Bg3 35. Nf3 Bxh2 36.
Nxh4 Bg3 37. Nf3 g5 38. Nd4 h2 39. Nf5+ Kf6 40. Nxg3 Ke5 41. c4 Kf4 42. Nh1 Kf3 43.
c5 Kg2 44. c6 Kxh1 45. c7 Kg1 46. c8=Q h1=Q 47. Qc5+ Kf1 48. Qf5+ Ke2 49. Qb5+ Kf2 50. Qxg5 Qc6+ 51. Kd2 Qd6+ 52. Kc3 Qc6+ 53. Kb4 Qb6+ 54. Qb5 Qd4+ 55. Ka3 Qe3+ 56. b3 Qc1+ 57. Ka4 Qc2 58. a3 Ke3 59. Qe5+ Kd2 60. Qh2+ Kd3 61. Qxc2+ Kxc2 62.
Kb4 Kb2 63. a4 Ka2 64. a5 Kb2 65. a6 Ka2 66. Ka4 Kb2 67. b4 Kc3 68. b5 Kc4 69. b6 axb6 70. a7 b5+ 71. Ka3 b4+ 72. Kb2 1-0

[Event "Late-Titled-Tuesday-Blitz-August-29-2023"]
[Site "Chess.com"]
[Date "2023.08.29"]
[Round "9"]
[White "SHIVACalypso"]
[Black "ilushka"]
[Result "0-1"]
[WhiteElo "2503"]
[BlackElo "2398"]
[TimeControl "180+1"]
[EndTime "15:43:32 PDT"]
[Termination "ilushka won by checkmate"]

1. c4 c5 2. g3 g6 3. Bg2 Bg7 4. Nf3 Nc6 5. Nc3 d6 6. O-O e6 7. e3 Nge7 8. d4 O-O 9. d5 Na5 10. Qe2 Re8 11. Rd1 Rb8 12. dxe6 Bxe6 13. Nd5 b5 14.
Nxe7+ Qxe7 15. cxb5 Nc4 16. a4 Na5 17. Ra3 Nb3 18.
e4 Nxc1 19. Rxc1 a6 20. e5 axb5 21. exd6 Qxd6 22. axb5 Bd7 23. Qc2 Rxb5 24. Rd1 Qc7 25. Nd4 Bxd4 26. Rxd4 Re1+ 27. Bf1 Bh3 28. Rd1 Qe5 29.
Raa1 Rxf1+ 30. Rxf1 Bxf1 31. Kxf1 Rxb2 32. Qc4 Rxf2+ 33.
Kxf2 Qxa1 34. Qxc5 Kg7 35. Kg2 h6 36. h4 Qb2+ 37.
Kh3 Qf6 38. Qd5 Qf5+ 39. Qxf5 gxf5 40. Kg2 Kf6 41. Kf3 Ke5 42. Ke3 h5 43. Kf3 f4 44.
gxf4+ Kf5 45. Ke3 Kg4 46. Ke4 Kxh4 47. Kf3 f5 48. Ke3 Kg4 49. Kf2 Kxf4 50. Kg2 Kg4 51. Kf2 f4 52. Kg2 f3+ 53. Kh2 Kf4 54. Kg1 Kg3 55. Kh1 Kf2 56. Kh2 Ke2 57. Kh3 f2 58. Kh2 f1=Q 59. Kg3 Qf3+ 60. Kh2 Qg4 61. Kh1 Kf2 62.
Kh2 Qh4# 0-1

[Event "Late-Titled-Tuesday-Blitz-August-29-2023"]
[Site "Chess.com"]
[Date "2023.08.29"]
[Round "9"]
[White "kinga2008"]
[Black "wgraif"]
[Result "0-1"]
[WhiteElo "2413"]
[BlackElo "2536"]
[TimeControl "180+1"]
[EndTime "15:43:36 PDT"]
[Termination "wgraif won on time"]

1. e4 e5 2. Nf3 Bc5 3. d4 exd4 4. Bc4 Nf6 5. O-O d6 6. Nxd4 O-O 7. Nc3 h6 8. h3 Re8 9. Re1 Nc6 10. Nxc6 bxc6 11.
Be3 Bb4 12. Bd4 Bb7 13. e5 Nd5 14. Qg4 Qg5 15. Qxg5 hxg5 16. exd6 Nxc3 17. bxc3 Bxd6 18. Rxe8+ Rxe8 19. Bxa7 c5 20. Rb1 Be4 21. Re1 Kf8 22. Bb5 Bc6 23. Rxe8+ Bxe8 24. c4 Ke7 25. a4 Kd8 26. a5 Bd7 27. Bb8 Kc8 28. Bxd7+ Kxd7 29. a6 Kc8 30. a7 Kb7 31. Kf1 Be5 32. Ke2 g6 33.
Kd3 f5 34. g4 Bd6 35. Ke3 Be5 36. Kf3 Bd6 37. Kg2 Be5 38. gxf5 gxf5 39. Kf3 Bd6 40.
Ke3 Be5 41. Kd3 Bd6 42. Kc3 Be5+ 43. Kb3 Bd6 44. Ka4 Be5 45. Kb5 Bd6 46. f3 f4 47. c3 c6+ 48. Ka5 Be7 49. Ka4 Bf6 50.
Kb3 Bg7 51. Kc2 Bf6 52. Kd3 Be7 53. Ke4 Bf6 54. Kf5 Be7 0-1